 Dungeon Crawl Stone Soup version 0.29-a0-857-g9b1aa3ac5b (webtiles) character file.

Game seed: 11954540916630739003

6085 HoaS the Marksgargoyle (level 10, -2/53 HPs)
             Began as a Gargoyle Hunter on July 16, 2022.
             Was a Believer of Makhleb.
             Slain by a troll (6 damage)
             ... on level 8 of the Dungeon.
             The game lasted 00:12:53 (6541 turns).

HoaS the Marksgargoyle (Gargoyle Hunter)            Turns: 6541, Time: 00:12:54

Health: -2/53      AC: 16    Str: 17    XL:     10   Next: 88%
Magic:  10/10      EV: 12    Int: 12    God:    Makhleb [**....]
Gold:   540        SH:  0    Dex: 23    Spells: 9/9 levels left

rFire   . . .      SeeInvis .   m - +4 arbalest of Grontol {penet, Str+2 Int+2 Dex+6}
rCold   . . .      Faith    .   (shield currently unavailable)
rNeg    + . .      Spirit   .   c - +0 leather armour
rPois   ∞          Reflect  .   r - +2 helmet
rElec   +          Harm     .   (no cloak)
rCorr   +          Rampage  .   (no gloves)
Will    .....                   i - +2 pair of boots
Stlth   ++........              k - amulet of regeneration
HPRegen 0.97/turn               p - ring of resist corrosion
MPRegen 0.12/turn               (no ring)

@: hasted, very quick
A: sickness immunity, AC +7, negative energy resistance 1, electricity
resistance, torment resistance 1, petrification resistance
a: Renounce Religion, Minor Destruction


You were on level 8 of the Dungeon.
You worshipped Makhleb.
Makhleb was pleased with you.
You visited 2 branches of the dungeon, and saw 10 of its levels.

You collected 540 gold pieces.

Inventory:

Hand Weapons
 m - the +4 arbalest of Grontol (weapon) {penet, Str+2 Int+2 Dex+6}
   (You acquired it on level 4 of the Dungeon)

   Any ammunition fired by it passes through the targets it hits, potentially
   hitting all targets in its path until it reaches maximum range.
   Str:       It affects your strength (+2).
   Int:       It affects your intelligence (+2).
   Dex:       It affects your dexterity (+6).
Missiles
 t - a throwing net
Armour
 c - a +0 leather armour (worn)
 i - a +2 pair of boots (worn)
 l - a +1 scale mail of willpower
 r - a +2 helmet (worn)
Jewellery
 k - an amulet of regeneration (around neck)
 p - a ring of resist corrosion (left hand)
Wands
 o - a wand of paralysis (9)
 w - a wand of roots (9)
Scrolls
 b - 3 scrolls of immolation
 e - 4 scrolls of teleportation
 q - a scroll of magic mapping
 v - a scroll of identify
 y - a scroll of fog
Potions
 a - 2 potions of lignification
 d - 2 potions of resistance
 g - 3 potions of mutation
 h - 3 potions of curing
 j - a potion of cancellation
 n - a potion of berserk rage
 s - a potion of brilliance {unknown}
 u - 2 potions of attraction {unknown}
 x - a potion of might {unknown}
 z - 2 potions of magic {unknown}


   Skills:
 - Level 2.1 Fighting
 + Level 16.2 Ranged Weapons
 - Level 1.5 Dodging
 - Level 1.1 Stealth


You had 9 spell levels left.
You didn't know any spells.
Your spell library contained the following spells:

 Spells                   Type           Power      Damage    Failure   Level
 Slow                     Hex            0%         N/A       38%         1
 Call Canine Familiar     Summ           0%         N/A       77%         3
 Confusing Touch          Hex            0%         N/A       77%         3
 Portal Projectile        Hex/Tloc       0%         N/A       77%         3
 Tukima's Dance           Hex            0%         N/A       77%         3
 Vampiric Draining        Necr           0%         2d6       77%         3
 Leda's Liquefaction      Hex/Erth       0%         N/A       99%         4
 Blade Hands              Tmut           0%         N/A       100%        5


Dungeon Overview and Level Annotations

Branches:
Dungeon (9/15)             Temple (1/1) D:5
   Lair: D:8-11         Orc: D:9-12

Altars:
Ashenzari
Cheibriados
Dithmenos
Elyvilon
Fedhas
Gozag
Hepliaklqana
Kikubaaqudgha
Makhleb
Nemelex Xobeh
Okawaru
Qazlal
Ru
Sif Muna
Trog
Uskayaw
Vehumet
Wu Jian
Xom
Yredelemnul
Zin
The Shining One

Annotations:
D:3 2 transporters


Innate Abilities, Weirdness & Mutations

You are immune to sickness and miasma.
Your stone body is resilient. (AC +7)
You are immune to poison.
You resist negative energy. (rN+)
You are resistant to electric shocks. (rElec)
You are resistant to unholy torment.
You are immune to petrification.


Message History

A yak comes into view.
A troll comes into view.
You shoot a bolt.
The bolt pierces through the orc priest!!
You kill the orc priest!
Makhleb accepts your kill. Something barely misses you. Something bites you.
You shoot a bolt.
The bolt pierces through the orc wizard!!
You kill the orc wizard!
Makhleb accepts your kill.
You feel better.
You hear some strange, mumbled words.
You are confused.
The kobold brigand throws a poisoned dart.
The poisoned dart hits you!
You shoot a bolt. The centaur wields a +0 shortbow.
The centaur shoots an arrow.
The arrow hits you but does no damage. Something completely misses you.
Something bites you but does no damage.
The yak snorts and paws the ground.
You shoot a bolt. Something hits you. Something bites you.
The kobold brigand throws a poisoned dart.
The poisoned dart hits you! Something hits you!
Something bites you but does no damage.
You shoot a bolt. Something hits you. Something bites you.
The yak closely misses you.
You feel better. Something hits you but does no damage.
Something bites you but does no damage.
A steam dragon comes into view.
The kobold brigand closely misses you. The yak gores you but does no damage.
The centaur shoots an arrow.
The arrow hits you. Something hits you! Something bites you!
The kobold brigand hits you but does no damage.
The troll bites you.
The troll claws you but does no damage. x2
The yak gores you!
* * * LOW HITPOINT WARNING * * *
You climb upwards.
Reactivating autopickup.
There is a stone staircase leading down here.
You feel yourself speed up. The troll bites you.
You die...

).⌠......###...####.##...).8##†##
#...###..###..####...#'....##...†
#...##...##..####....†###'##.....
#...##...#...#.#.......#.(#......
#.>.#....#..#..#.......#..#......
#...#.......#..#.......#..#......
#####......##..##.....######.....
...........#....##...#### ##...#
..........##...Y@#####..# #####
..........##...K.T......# ##.<
...........#............## #...
<.......##..^............# ##...
.......####..............# #....
.......# #..............# ##....
......## ##.............## #.....
......# #..............# ##.....
###...# ###............###.....#


You could see a yak, a troll and a kobold brigand.

Vanquished Creatures
  A two-headed ogre (D:8)
  Pikel (D:6)
  2 trolls
  Grinder (D:6)
  2 wyverns (D:8)
  A shadow (D:8)
  A yak (D:9)
  Eustachio (D:6)
  Menkaure (D:6)
  2 ice beasts
  A water moccasin (D:8)
  A black bear (D:8)
  5 orc warriors
  3 sky beasts
  An ogre (D:6)
  2 centaurs
  3 lemures (D:6)
  A phantom (D:6)
  3 kobold brigands (D:8)
  A bullfrog (D:8)
  A necrophage (D:8)
  4 scorpions
  8 wights (D:8)
  A killer bee (D:8)
  3 howler monkeys
  7 orc priests
  4 gnoll boudas
  2 hounds (D:5)
  2 iguanas
  12 orc wizards
  13 gnolls
  3 adders
  3 white imps
  2 worms
  6 dart slugs
  23 orcs
  7 ball pythons
  4 endoplasms
  3 giant cockroaches
  4 goblins
  5 hobgoblins
  13 jackals
  7 quokkas
  11 bats
  2 frilled lizards
  8 kobolds
  7 rats
199 creatures vanquished.

Notes
Turn   | Place    | Note
-------+----------+-------------------------------------------
     0 | D:1      | HoaS the Gargoyle Hunter began the quest for the Orb.
     0 | D:1      | Reached XP level 1. HP: 12/12 MP: 1/1
   121 | D:1      | Reached XP level 2. HP: 17/17 MP: 2/2
   256 | D:1      | Found a faded altar of an unknown god.
   821 | D:2      | Reached XP level 3. HP: 18/21 MP: 3/3
   913 | D:2      | Reached skill level 5 in Ranged Weapons
  1189 | D:2      | Found a radiant altar of Vehumet.
  1440 | D:2      | Reached XP level 4. HP: 20/26 MP: 4/4
  1511 | D:2      | Identified the +0 robe "Deelat" {Rampage rElec SInv}
  1942 | D:3      | Found a hide-covered altar of Uskayaw.
  2124 | D:3      | Found a transporter.
  2131 | D:3      | Noticed a kobold demonologist
  2334 | D:3      | Found a transporter.
  2421 | D:4      | Reached skill level 6 in Ranged Weapons
  2581 | D:4      | Noticed a scorpion
  2593 | D:4      | Killed a scorpion
  2594 | D:4      | Reached XP level 5. HP: 20/30 MP: 5/5
  2691 | D:4      | Identified a scroll of acquirement
  2691 | D:4      | Acquired the +4 arbalest of Grontol {penet, Str+2 Int+2
                  | Dex+6}
  2768 | D:4      | Found an opulent altar of Gozag.
  3226 | D:5      | Entered Level 5 of the Dungeon
  3238 | D:5      | Found a shimmering altar of Xom.
  3266 | D:5      | Reached skill level 7 in Ranged Weapons
  3266 | D:5      | Reached XP level 6. HP: 35/35 MP: 6/6
  3285 | D:5      | Found a broken altar of Ashenzari.
  3292 | D:5      | Noticed an ice beast
  3418 | D:5      | Reached skill level 8 in Ranged Weapons
  3437 | D:5      | Reached XP level 7. HP: 40/40 MP: 7/7
  3555 | D:5      | Found a staircase to the Ecumenical Temple.
  3773 | Temple   | Entered the Ecumenical Temple
  3919 | Temple   | Became a worshipper of Makhleb the Destroyer
  4180 | D:6      | Reached skill level 9 in Ranged Weapons
  4216 | D:6      | Noticed Eustachio
  4225 | D:6      | Killed Eustachio
  4226 | D:6      | Reached XP level 8. HP: 35/44 MP: 8/8
  4258 | D:6      | Noticed Menkaure
  4260 | D:6      | Killed Menkaure
  4261 | D:6      | Reached skill level 10 in Ranged Weapons
  4370 | D:6      | Noticed Pikel
  4382 | D:6      | Killed Pikel
  4383 | D:6      | Reached skill level 11 in Ranged Weapons
  4418 | D:6      | Noticed Grinder
  4425 | D:6      | Killed Grinder
  4426 | D:6      | Reached skill level 12 in Ranged Weapons
  4426 | D:6      | Reached XP level 9. HP: 48/48 MP: 9/9
  4469 | D:6      | Found a sacrificial altar of Ru.
  4471 | D:6      | Found a basalt altar of Yredelemnul.
  4587 | D:6      | Found a blossoming altar of Fedhas.
  4588 | D:6      | Found an ancient bone altar of Kikubaaqudgha.
  4793 | D:7      | Found a bloodstained altar of Trog.
  4982 | D:7      | Found a snail-covered altar of Cheibriados.
  5229 | D:7      | Reached * piety under Makhleb
  5236 | D:7      | Reached skill level 13 in Ranged Weapons
  5554 | D:8      | Found an ornate altar of the Wu Jian Council.
  5555 | D:8      | Found a radiant altar of Vehumet.
  5558 | D:8      | Found a hazy altar of Hepliaklqana.
  5638 | D:8      | Noticed a two-headed ogre
  5641 | D:8      | Killed a two-headed ogre
  5642 | D:8      | Reached skill level 14 in Ranged Weapons
  5642 | D:8      | Reached XP level 10. HP: 53/53 MP: 10/10
  5659 | D:8      | Found a white marble altar of Elyvilon.
  5744 | D:8      | Found a runed translucent door.
  5784 | D:8      | Found a shadowy altar of Dithmenos.
  5787 | D:8      | Found an iron altar of Okawaru.
  5840 | D:8      | Found a runed translucent door.
  5904 | D:8      | Reached ** piety under Makhleb
  6066 | D:8      | Reached skill level 15 in Ranged Weapons
  6528 | D:9      | Reached skill level 16 in Ranged Weapons
  6539 | D:9      | HP: 1/53 [yak (13)]
  6541 | D:8      | Slain by a troll

Illustrated notes

Levels and vault maps discovered:
D:1:      noname_arrival_rooms_in_the_neighbourhood, layout_basic,
          shapermc_ecumenical_altar_mp_urbaneastern,
          dreamdust_mushroom_princess, minmay_tetromino_l4
D:2:      layout_basic, basic_altar
D:3:      gammafunk_wand_slinger, layout_basic,
          nicolae_uskayaw_murder_on_the_dancefloor
D:4:      layout_basic, nicolae_gozag_cash_rules_everything_around_me,
          minmay_unequal
D:5:      layout_rooms, cheibrodos_ashenzari_chains, xom_teletrap_fun,
          minmay_temple_entry_nine_rooms, kennysheep_minor_cross
D:6:      layout_rooms, grunt_temple_overflow_growth_and_decay,
          jmf_multi_god_temple, nicolae_figureground_pulse, uniq_menkaure,
          uniq_grinder, uniq_pikel, uniq_eustachio
D:7:      layout_basic, mainiacjoe_overflow_catwalk, cheibrodos_worm_habitat,
          serial_glass, glass_columns_a, glass_columns_b
D:8:      cheibrodos_histonic, layout_cave_pods, nicolae_overflow_hidden_temple,
          elyvilon_altar_5, grunt_ministairs_14
D:9:      cheibrodos_ideogram_h, layout_irregular_city, minmay_lair_entry_grove,
          minmay_evil_grid
Temple:   nicolae_temple_superstar

Skill      XL: |  1  2  3  4  5  6  7  8  9 10 |
---------------+-------------------------------+-----
Ranged Weapons | 5 6 7 8 9 12 14 16 | 16.2
Fighting       | |  2.1
Dodging        | |  1.5
Stealth        | |  1.1

Action                   |  1- 3 |  4- 6 |  7- 9 | 10-12 || total
-------------------------+-------+-------+-------+-------++-------
 Fire: Shortbow          |   127 |   106 |       |       ||   233
       Arbalest          |       |    33 |   161 |   110 ||   304
  Use: Scroll            |    10 |     7 |     6 |       ||    23
       Potion            |       |     1 |     2 |     2 ||     5
Armor: Leather armour    |    43 |    21 |    17 |    28 ||   109
Dodge: Dodged            |    64 |    30 |    27 |    22 ||   143

Table legend: (Time is in decaauts)
 A = Elapsed time spent in this place.
 B = Non-inter-level travel time spent in this place.
 C = Inter-level travel time spent in this place.
 D = Time resting spent in this place.
 E = Time spent auto-exploring this place.
 F = Levels seen in this place.
 G = Mean time per level.
                   A        B        C        D        E       F      G
               +--------+--------+--------+--------+--------+-----+--------+
         Total |   6695 |   6111 |    584 |    771 |   4254 |  10 |  669.5 |
       Dungeon |   6523 |   5997 |    526 |    771 |   4148 |   9 |  724.8 |
        Temple |    171 |    114 |     57 |      0 |    106 |   1 |  171.0 |
               +--------+--------+--------+--------+--------+-----+--------+

Top non-repeatable levels by time:
     D:2: 1054 daAuts
     D:8: 978 daAuts
     D:5: 870 daAuts
     D:4: 850 daAuts
     D:1: 831 daAuts
     D:7: 671 daAuts
     D:6: 628 daAuts
     D:3: 616 daAuts
  Temple: 171 daAuts
     D:9: 20 daAuts
